Map: Tours du crépuscule

Players

Plutos - Winner!

  • Race: Protoss Protoss
  • League: Master

Worming

  • Race: Zerg Zerg
  • League: Diamond

VOD

Have the link to the VOD?

Description

Time

  • Played on: Dec. 15, 2015, 11:30 a.m.
  • Length: 11:59
Show
View Real Time Build Order
Export as new Build Order

Plutos Protoss - Winner!

Build Orders: 1 Gate Expand 

Get SALT Encoding   

  12  0:01  Probe (Chrono Boost)  
  13  0:16  Pylon  
  13  0:20  Probe (Chrono Boost)  
  14  0:32  Probe (Chrono Boost)  
  15  0:38  Gateway  
  16  0:43  Probe (Chrono Boost)  
  16  0:53  Probe (Chrono Boost)  
  17  1:04  Probe (Chrono Boost)  
  18  1:21  Nexus  
  18  1:28  Cybernetics Core  
  18  1:36  Assimilator  
  18  1:38  Assimilator  
  18  1:41  Probe (Chrono Boost)  
  19  1:48  Zealot  
  21  1:59  Pylon  
  21  2:04  Probe (Chrono Boost)  
  22  2:12  Pylon  
  22  2:14  Probe (Chrono Boost)  
  23  2:25  Probe (Chrono Boost)  
  23  2:28  Warp Gate (Chrono Boost)  
  24  2:31  Adept  
  24  2:34  Probe (Chrono Boost)  
  28  2:37  Probe (Chrono Boost)  
  28  2:45  Probe (Chrono Boost)  
  28  2:49  Gateway  
  29  2:57  Gateway  
  29  3:01  Probe (Chrono Boost)  
  30  3:08  Mothership Core (Chrono Boost)  
  30  3:12  Probe (Chrono Boost)  
  33  3:21  Robotics Facility  
  33  3:24  Probe (Chrono Boost)  
  34  3:33  Probe  
  34  3:35  Probe  
  36  3:44  Probe  
  36  3:47  Probe  
  38  3:54  Probe  
  38  3:59  Probe  
  40  4:08  Stargate  
  40  4:09  Probe  
  40  4:11  Probe  
  40  4:13  Assimilator  
  40  4:14  Warp Prism (Chrono Boost)  
  44  4:19  Probe  
  45  4:26  Probe  
  44  4:31  Gateway  
  44  4:34  Gateway  
  44  4:42  Probe x2  
  46  4:51  Oracle (Chrono Boost)  
  49  4:54  Nexus  
  49  4:56  Adept  
  49  4:57  Adept  
  53  5:08  Pylon  
  53  5:10  Pylon  
  54  5:14  Probe, Pylon  
  54  5:22  Pylon  
  54  5:26  Probe  
  54  5:27  Assimilator  
  55  5:29  Probe  
  56  5:37  Adept  
  56  5:38  Sentry x2  
  62  5:58  Adept  
  62  6:01  Adept  
  62  6:02  Adept  
  64  6:12  Immortal  
  66  6:21  Void Ray (Chrono Boost)  
  70  6:27  Probe x2  
  70  6:29  Probe  
  73  6:32  Sentry  
  73  6:33  Sentry x2  
  73  6:39  Probe x3  
  81  6:43  Assimilator  
  81  6:46  Immortal  
  82  6:47  Assimilator  
  82  6:49  Robotics Facility  
  82  6:50  Adept x2  
  82  6:51  Probe x2  
  92  6:59  Void Ray (Chrono Boost)  
  95  7:04  Probe  
  95  7:05  Probe x2  
  98  7:15  Probe  
  98  7:17  Probe x2  
  101  7:25  Pylon  
  101  7:26  Pylon  
  101  7:29  Pylon  
  101  7:38  Robotics Bay, Immortal  
  101  7:41  Probe  
  106  7:45  Probe x2  
  108  7:52  Probe  
  108  7:56  Adept  
  108  7:57  Probe, Adept x2  
  116  8:02  Probe  
  116  8:03  Probe, Pylon  
  116  8:05  Sentry x2  
  120  8:06  Pylon  
  120  8:09  Probe  
  123  8:13  Probe, Pylon  
  123  8:18  Pylon  
  124  8:20  Pylon  
  124  8:21  Void Ray (Chrono Boost)  
  124  8:22  Stalker  
  124  8:24  Probe  
  124  8:25  Gateway  
  131  8:28  Gateway, Sentry  
  131  8:29  Sentry  
  131  8:30  Gateway  
  131  8:31  Probe (Chrono Boost)  
  136  8:43  Probe (Chrono Boost)  
  136  8:45  Disruptor (Chrono Boost)  
  136  8:46  Disruptor (Chrono Boost)  
  143  9:00  Stalker x4  
  143  9:01  Stalker  
  153  9:04  Void Ray  
  155  9:17  Disruptor (Chrono Boost)  
  158  9:26  Disruptor (Chrono Boost)  
  161  9:34  Probe  
  162  9:42  Stalker  
  164  9:48  Pylon  
  164  9:53  Nexus, Pylon x2  
  164  9:54  Pylon  
  164  9:55  Pylon  
  164  9:59  Void Ray, Disruptor (Chrono Boost)  
  165  10:14  Twilight Council  
  165  10:19  Stalker x2  
  165  10:20  Stalker x4  
  140  10:48  Stalker  
  140  10:49  Stalker x4  
  139  10:50  Stalker x2  
  139  10:51  Stalker  
  139  10:54  Probe  
  139  11:06  Probe  
  132  11:26  Probe x2  
  132  11:27  Probe x2  
  136  11:36  Probe, Assimilator  
  136  11:38  Assimilator  
  136  11:39  Probe x2  
  139  11:41  Stargate  
  139  11:45  Stargate  
  139  11:48  Stalker x2  
  139  11:49  Stalker x3  
  139  11:50  Stalker x2  
  139  11:51  Stalker  
  153  11:57  Gateway x2  
Show
View Real Time Build Order
Export as new Build Order

Worming Zerg 

Build Orders: Hatch First 

Get SALT Encoding   

  12  0:01  Drone  
  13  0:12  Overlord  
  13  0:18  Drone  
  14  0:31  Drone x2  
  14  0:34  Drone  
  17  0:45  Drone  
  18  0:59  Drone  
  18  1:01  Hatchery  
  18  1:11  Drone  
  19  1:26  Spawning Pool  
  19  1:27  Drone  
  19  1:35  Drone  
  21  1:40  Drone, Extractor  
  20  1:56  Drone  
  21  2:13  Queen  
  21  2:14  Zergling x6  
  26  2:25  Queen, Overlord  
  28  2:45  Drone x5  
  28  2:50  Queen  
  28  2:51  Metabolic Boost  
  35  3:03  Roach Warren  
  35  3:04  Drone  
  35  3:05  Drone  
  36  3:07  Overlord x2  
  35  3:36  Hatchery  
  36  3:41  Drone x8  
  42  3:58  Extractor  
  41  4:09  Lair  
  41  4:13  Extractor  
  38  4:33  Drone x7  
  38  4:34  Drone x6  
  51  4:46  Overlord x2  
  51  4:56  Spore Crawler  
  51  4:58  Spore Crawler  
  49  5:00  Spore Crawler  
  48  5:10  Drone x3  
  48  5:11  Drone x3  
  48  5:12  Glial Reconstitution  
  54  5:23  Roach x5  
  54  5:27  Overseer  
  64  5:40  Roach  
  64  5:41  Roach x4  
  72  5:51  Roach  
  74  6:01  Overlord  
  74  6:02  Overlord x3  
  70  6:21  Roach x3  
  70  6:22  Roach x6  
  88  6:30  Extractor  
  88  6:32  Drone x3  
  90  6:34  Drone x8  
  90  6:37  Ravager  
  90  6:38  Ravager  
  90  6:39  Ravager  
  101  6:42  Evolution Chamber  
  101  6:43  Drone, Evolution Chamber, Spire  
  99  7:04  Extractor x2  
  97  7:11  Zerg Melee Weapons Level 1, Zerg Ground Armor Level 1  
  97  7:14  Drone x2  
  97  7:15  Drone x3, Hatchery  
  101  7:16  Drone  
  101  7:18  Queen  
  101  7:19  Queen  
  106  7:23  Overlord x2  
  106  7:24  Overlord x3  
  106  7:52  Drone x9  
  106  7:53  Drone x5  
  106  7:56  Zerg Flyer Weapons Level 1  
  120  8:03  Overlord  
  120  8:04  Overlord  
  120  8:05  Zergling x2  
  121  8:21  Roach x4  
  121  8:22  Zergling x10, Roach x2  
  138  8:28  Extractor  
  138  8:30  Spine Crawler  
  136  8:35  Zergling x10  
  141  8:43  Infestation Pit  
  141  8:46  Drone x2  
  141  8:47  Drone  
  142  8:49  Drone x3  
  142  8:50  Extractor  
  142  8:51  Drone x5  
  149  8:57  Ravager x9  
  149  8:58  Ravager x2  
  149  9:02  Zergling x2  
  161  9:03  Zergling x12  
  161  9:06  Zerg Melee Weapons Level 2, Zerg Ground Armor Level 2  
  159  9:22  Overlord x2  
  159  9:23  Overlord x2  
  159  9:24  Mutalisk x6  
  147  9:26  Hive  
  160  9:31  Zergling x4  
  161  9:44  Overlord  
  161  9:45  Overlord  
  161  9:47  Overlord  
  161  9:53  Zergling x2  
  161  9:54  Zergling x14  
  161  9:58  Hatchery  
  137  10:10  Zergling x10, Roach x6  
  137  10:11  Zergling x4  
  137  10:33  Overlord  
  137  10:34  Zergling x2, Roach x9  
  137  10:44  Roach  
  137  10:45  Roach x2  
  121  10:54  Roach x6  
  97  11:16  Roach x5  
  81  11:20  Ravager x2  
  72  11:30  Roach x5  
  72  11:31  Zergling x4, Roach x2  
Tags
 
Add a new tag
Caveats
  • Supply blocks, unpowered buildings, or Contaminate may cause inaccurate times.
  • Supply counts are checked every 10 seconds.